 Dungeon Crawl Stone Soup version 0.29.1-12-g30fa7ad0bf (webtiles) character file.

Game seed: 8666284710772204970

4767 MacCMillion the Cleaver (level 10, -8/79 HPs)
             Began as a Formicid Fighter on Jan 15, 2023.
             Was an Elder of Okawaru.
             Mangled by Harold
             ... wielding a +0 vorpal dire flail
              (22 damage)
             ... on level 8 of the Dungeon.
             The game lasted 00:19:03 (7587 turns).

MacCMillion the Cleaver (Formicid Fighter)          Turns: 7587, Time: 00:19:04

Health: -8/79      AC: 15    Str: 26    XL:     10   Next: 75%
Magic:  10/10      EV:  8    Int:  7    God:    Okawaru [****..]
Gold:   412        SH:  5    Dex: 13    Spells: 9/9 levels left

rFire   . . .      SeeInvis +   I - +5 hand axe
rCold   + . .      Faith    .   c - +0 buckler
rNeg    . . .      Spirit   .   d - +2 chain mail {rC+}
rPois   .          Reflect  .   (helmet unavailable)
rElec   .          Harm     .   y - +1 cloak
rCorr   .          Rampage  .   (no gloves)
Will    +....                   g - +0 pair of boots
Stlth   ..........              t - amulet of regeneration
HPRegen 1.03/turn               (no ring)
MPRegen 0.12/turn               (no ring)

@: marked
A: permanent stasis, dig shafts and tunnels, antennae 3, four strong arms
a: Dig, Shaft Self, Renounce Religion, Heroism, Finesse


You were on level 8 of the Dungeon.
You worshipped Okawaru.
Okawaru was greatly pleased with you.
You visited 2 branches of the dungeon, and saw 10 of its levels.

You collected 412 gold pieces.

Inventory:

Hand Weapons
 a - a +0 war axe
 z - a +0 battleaxe
 I - a +5 hand axe (weapon)
Missiles
 o - 8 poisoned darts (quivered)
Armour
 c - a +0 buckler (worn)
 d - a +2 chain mail of cold resistance (worn)
 g - a +0 pair of boots (worn)
 w - a +0 pair of boots
 y - a +1 cloak (worn)
Jewellery
 e - a ring of resist corrosion
 f - a ring of fire
 t - an amulet of regeneration (around neck)
Wands
 C - a wand of flame (23)
Scrolls
 b - a scroll of vulnerability
 i - a scroll of noise
 j - 2 scrolls of magic mapping
 p - a scroll of enchant weapon
 s - a scroll of fear
 x - a scroll of poison
 D - a scroll of amnesia {unknown}
 E - a scroll of brand weapon {unknown}
 F - a scroll of torment {unknown}
 H - a scroll of blinking {unknown}
Potions
 h - a potion of magic
 k - a potion of heal wounds
 l - 3 potions of degeneration
 m - 2 potions of brilliance {unknown}
 n - 4 potions of curing
 q - 2 potions of ambrosia {unknown}
 r - 2 potions of haste {unknown}
 u - 4 potions of mutation
 v - a potion of attraction {unknown}
 A - 2 potions of might
 B - a potion of berserk rage {unknown}
 G - 2 potions of flight {unknown}


   Skills:
 + Level 7.0 Fighting
 * Level 13.4 Axes
 - Level 5.0 Armour
 - Level 5.0 Shields


You had 9 spell levels left.
You didn't know any spells.
Your spell library contained the following spells:

 Spells                   Type           Power      Damage    Failure   Level
 Apportation              Tloc           0%         N/A       98%         1
 Freeze                   Ice            0%         1d3       98%         1
 Necrotise                Necr           0%         1d4       98%         1
 Ensorcelled Hibernation  Hex/Ice        0%         N/A       99%         2
 Passwall                 Tmut/Erth      0%         N/A       99%         2
 Frozen Ramparts          Ice            0%         1d1       100%        3
 Gell's Gravitas          Tloc           0%         N/A       100%        3
 Lesser Beckoning         Tloc           0%         N/A       100%        3
 Stone Arrow              Conj/Erth      0%         3d7       100%        3
 Teleport Other           Tloc           0%         N/A       100%        3
 Hailstorm                Conj/Ice       0%         3d3       100%        4
 Ice Form                 Ice/Tmut       0%         N/A       100%        4
 Lehudib's Crystal Spear  Conj/Erth      0%         10d2      100%        8
 Summon Small Mammal      Summ           Unusable   N/A       N/A         1
 Swiftness                Air            Unusable   N/A       N/A         3
 Animate Armour           Summ/Erth      Unusable   N/A       N/A         4
 Summon Ice Beast         Ice/Summ       Unusable   N/A       N/A         4

Dungeon Overview and Level Annotations

Branches:
Dungeon (9/15)             Temple (1/1) D:5
   Lair: D:8-11         Orc: D:9-12

Altars:
Ashenzari
Cheibriados
Elyvilon
Fedhas
Gozag
Hepliaklqana
Kikubaaqudgha
Makhleb
Nemelex Xobeh
Okawaru
Qazlal
Sif Muna
Uskayaw
Vehumet
Wu Jian
Xom
Yredelemnul
Zin
The Shining One

Shops:
D:6 [

Annotations:
D:5 1 runed translucent door, Crazy Yiuf
D:8 Harold


Innate Abilities, Weirdness & Mutations

You cannot be hasted, slowed, berserked, paralysed or teleported.
You can dig through walls and to a lower floor.
You have a pair of large antennae on your head. (SInv)
Your four strong arms can wield two-handed weapons with a shield.


Message History

You hit Harold.
Harold is heavily wounded.
You slash Harold!
Harold is heavily wounded.
Harold hits you with a +0 vorpal dire flail!
There is a stone staircase leading up here.
You feel much better. Harold casts a spell at you.
A sentinel's mark forms upon you.
You hit Harold.
Harold is heavily wounded.
You barely miss Harold.
Harold is heavily wounded.
Harold hits you with a +0 vorpal dire flail.
You slash Harold!
Harold is severely wounded.
Harold barely misses you.
You slash Harold!
Harold is severely wounded.
You hit Harold.
Harold is severely wounded.
Harold hits you with a +0 vorpal dire flail!
You slash Harold!
Harold is almost dead.
A killer bee comes into view.
Harold hits you with a +0 vorpal dire flail!
* * * LOW HITPOINT WARNING * * *
The killer bee stings you.
* * * LOW HITPOINT WARNING * * *
Harold hits you with a +0 vorpal dire flail!
* * * LOW HITPOINT WARNING * * *
x2 You climb upwards.
There is a stone staircase leading down here.
You are too injured to fight recklessly!
You hit Harold but do no damage.
Harold is almost dead.
You hit Harold.
Harold is almost dead.
Harold hits you with a +0 vorpal dire flail!!
You die...

### ####### # ..# . .......
#. #.# .. ###... ##.# #.#
..### #... ...##.#
.......###... #..#.#
..........#...
####...#.........#.#...
#.....@......#.........
#.....@$.....#.........
#..........###.........
..............#......###
######..#.#####.#......#
####...##..#.# #.#......#
#......##..#.# #.#......#
#......##..#.#####.#......###
#....####..#.......####.....#


You could see Harold.

Vanquished Creatures
  A wraith (D:9)
  11 yaks (D:9)
  Edmund (D:3)
  Duvessa (D:5)
  2 water moccasins
  An ice beast (D:8)
  A sky beast (D:5)
  A black bear (D:5)
  2 centaurs
  An ogre (D:7)
  A kobold brigand (D:7)
  2 bullfrogs (D:7)
  3 necrophages (D:6)
  3 scorpions
  7 wights
  9 killer bees
  Dowan (D:5)
  A howler monkey (D:7)
  2 hounds (D:6)
  2 orc priests
  A gnoll bouda (D:4)
  A jelly (D:7)
  6 iguanas
  5 orc wizards
  9 gnolls
  4 adders
  3 white imps
  5 worms
  4 dart slugs
  25 orcs
  3 bats
  4 endoplasms
  4 giant cockroaches
  5 goblins
  5 hobgoblins
  2 jackals (D:5)
  2 quokkas
  3 ball pythons
  A frilled lizard (D:3)
  6 kobolds
  5 rats
156 creatures vanquished.

Notes
Turn   | Place    | Note
-------+----------+-------------------------------------------
     0 | D:1      | MacCMillion the Formicid Fighter began the quest for the
                  | Orb.
     0 | D:1      | Reached XP level 1. HP: 18/18 MP: 1/1
   375 | D:1      | Found a faded altar of an unknown god.
   791 | D:1      | Reached XP level 2. HP: 24/24 MP: 2/2
  1204 | D:2      | Reached XP level 3. HP: 29/29 MP: 3/3
  1274 | D:2      | Reached skill level 3 in Axes
  1789 | D:3      | Found a basalt altar of Yredelemnul.
  1833 | D:3      | Reached XP level 4. HP: 31/35 MP: 4/4
  2531 | D:4      | Reached skill level 4 in Axes
  2531 | D:4      | Reached skill level 5 in Shields
  2545 | D:4      | Reached XP level 5. HP: 33/41 MP: 5/5
  2566 | D:4      | Reached skill level 5 in Axes
  2711 | D:4      | Found a glowing silver altar of Zin.
  2715 | D:4      | Noticed Edmund
  2771 | D:3      | HP: 1/31 [Edmund/+1 flail of draining (2)]
  2775 | D:3      | Killed Edmund
  2776 | D:3      | Reached skill level 6 in Axes
  2776 | D:3      | Reached XP level 6. HP: 27/46 MP: 6/6
  3144 | D:5      | Entered Level 5 of the Dungeon
  3163 | D:4      | Reached XP level 7. HP: 48/52 MP: 7/7
  3635 | D:5      | Reached skill level 7 in Axes
  3736 | D:5      | Noticed Dowan
  3801 | D:5      | Found a runed translucent door.
  3802 | D:5      | Noticed Crazy Yiuf
  3907 | D:5      | Found a snail-covered altar of Cheibriados.
  3918 | D:5      | Found a staircase to the Ecumenical Temple.
  3937 | Temple   | Entered the Ecumenical Temple
  3942 | Temple   | Became a worshipper of Warmaster Okawaru
  4204 | D:5      | Noticed a water moccasin
  4223 | D:5      | Killed a water moccasin
  4276 | D:5      | Reached skill level 8 in Axes
  4276 | D:5      | Reached XP level 8. HP: 46/58 MP: 8/8
  4379 | D:5      | Noticed Duvessa
  4395 | D:5      | Killed Duvessa
  4398 | D:5      | Killed Dowan
  4572 | D:5      | Reached * piety under Okawaru
  4573 | D:5      | Reached skill level 9 in Axes
  4965 | D:6      | Reached skill level 10 in Axes
  5098 | D:6      | Reached ** piety under Okawaru
  5099 | D:6      | Reached XP level 9. HP: 59/62 MP: 9/9
  5103 | D:6      | Found Wogut's Armour Emporium.
  5540 | D:6      | Reached skill level 11 in Axes
  7047 | D:8      | Reached *** piety under Okawaru
  7262 | D:8      | You fall into a shaft and drop 1 floor!
  7356 | D:9      | Found a blossoming altar of Fedhas.
  7373 | D:9      | Reached skill level 5 in Fighting
  7373 | D:9      | Reached skill level 12 in Axes
  7373 | D:9      | Reached skill level 5 in Armour
  7373 | D:9      | Reached XP level 10. HP: 62/74 MP: 10/10
  7461 | D:9      | Reached skill level 13 in Axes
  7475 | D:9      | Reached **** piety under Okawaru
  7558 | D:9      | Noticed Harold
  7587 | D:8      | Mangled by Harold

Illustrated notes

Levels and vault maps discovered:
D:1:      dpeg_arrival_arbitrary_a, layout_loops_cross,
          hellmonk_ecumenical_altar_leap_of_faith
D:2:      layout_basic, kennysheep_generic_room_4
D:3:      layout_loops_cross, mainiacjoe_overflow_boulevard
D:4:      layout_rooms, mainiacjoe_overflow_24_doors, uniq_edmund
D:5:      layout_basic, mainiacjoe_overflow_paths, minmay_temple_entry_wispy,
          uniq_crazy_yiuf_cottage, uniq_duvessa
D:6:      layout_loops_ring, serial_shops, kennysheep_mini,
          nicolae_zen_rock_garden, corexii_checkpoint_b
D:7:      layout_loops_corners, st_stairs_3
D:8:      layout_basic, kennysheep_mini_moat, mainiacjoe_overflow_big_doors,
          uniq_maurice, uniq_grum
D:9:      layout_loops_ring, mainiacjoe_overflow_small_starburst,
          enter_bailey_3, nicolae_looking_at_the_future, uniq_harold
Temple:   minmay_freezing_vapour_temple

Skill      XL: |  1  2  3  4  5  6  7  8  9 10 |
---------------+-------------------------------+-----
Axes           | 3 4 6 8 10 12 13 | 13.4
Shields        | 5 |  5.0
Fighting       | 5 7 |  7.0
Armour         | 5 |  5.0

Action                   |  1- 3 |  4- 6 |  7- 9 | 10-12 || total
-------------------------+-------+-------+-------+-------++-------
Melee: War axe           |    77 |   126 |   378 |    89 ||   670
       Hand axe          |       |       |       |    43 ||    43
Throw: Dart              |       |       |     5 |       ||     5
Evoke: Wand              |       |       |     5 |       ||     5
  Use: Scroll            |     4 |       |     9 |       ||    13
       Potion            |       |     2 |       |     2 ||     4
Armor: Scale mail        |    24 |     3 |       |       ||    27
       Chain mail        |       |    44 |   201 |    37 ||   282
Dodge: Dodged            |    24 |    40 |   114 |    24 ||   202
Block: Buckler           |    17 |    25 |    95 |    24 ||   161
